AoeStats
← David

Arabia

510158975Analyzed
2v2 RM · 3d ago on Sep 29, 2026· 40m 27s· 4 players
Game mode
Random Map
Map size
Medium (4 player)
Population
200
Speed
Normal
Resources
Standard
Victory
Conquest
Starting age
Dark Age
Ending age
Imperial Age
RankedLock teamsTeams togetherTeam positionsShared explorationLock speedFull tech treeHidden civsTurbo modeCheats
Victory
Defeat
🇩🇪 Britons · Germany
883
+11
🇩🇪 Spanish · Germany
638
+21
🇷🇴 Franks · Romania
760
-16
🇷🇴 Persians · Romania
757
-16
David
4:36 Loom
9:01 Feudal Age
17:32 Castle Age
20:13 Double-Bit Axe
28:03 Bow Saw
28:47 Bloodlines
29:03 Husbandry
28:46 Horse Collar
29:14 Stone Mining
30:39 Wheelbarrow
30:45 Scale Barding Armor
32:28 Elite Skirmisher
36:30 Imperial Age
34:45 Heavy Plow
34:38 Gold Mining
35:18 Murder Holes
35:47 Town Watch
36:17 Hand Cart
35:56 Pikeman
36:37 Squires
37:40 Ballistics
37:35 Masonry
37:23 Fletching
37:54 Chain Barding Armor
40:35 Plate Barding Armor
39:56 Bodkin Arrow
Naxeete
12:10 Feudal Age
11:05 Loom
16:56 Castle Age
16:35 Double-Bit Axe
20:27 Bow Saw
21:53 Ballistics
21:30 Town Watch
21:55 Ordonnance Companies
23:41 Wheelbarrow
24:07 Caravan
27:17 Murder Holes
27:36 Masonry
27:58 Hand Cart
27:19 Pikeman
28:24 Squires
28:24 Arson
28:25 Gambesons
30:01 Husbandry
29:24 Light Cavalry
35:07 Imperial Age
32:46 Crossbowman
36:24 Cavalier
38:00 Town Patrol
39:05 Hoardings
39:11 Hoardings
37:57 Elite Throwing Axeman
39:53 Coinage
38:50 Paladin
39:01 Cranequins
Flurry
7:20 Loom
11:08 Feudal Age
15:19 Castle Age
16:21 Double-Bit Axe
16:20 Horse Collar
20:29 Wheelbarrow
22:01 Town Watch
23:11 Hand Cart
23:35 Bow Saw
24:55 Pikeman
25:37 Squires
25:43 Stone Mining
25:44 Gold Mining
26:06 Heavy Plow
29:18 Gold Shaft Mining
31:26 Town Patrol
34:44 Imperial Age
33:59 Yeomen
33:43 Fletching
33:54 Padded Archer Armor
36:46 Elite Longbowman
37:32 Bodkin Arrow
37:54 Leather Archer Armor
40:09 Bracer
40:51 Ballistics
41:32 Chemistry
40:10 Halberdier
the Grand Gorgon of Zola
10:09 Feudal Age
10:48 Double-Bit Axe
12:56 Horse Collar
21:04 Castle Age
20:23 Bloodlines
20:29 Scale Barding Armor
22:27 Bow Saw
22:41 Loom
23:28 Chain Barding Armor
23:23 Light Cavalry
24:05 Husbandry
24:19 Forging
24:17 Heavy Plow
29:08 Gold Mining
29:09 Stone Mining
29:57 Iron Casting
31:29 Wheelbarrow
33:16 Hand Cart
32:47 Town Watch
36:27 Town Patrol
40:55 Imperial Age
39:59 Herbal Medicine
40:15 Fervor
40:06 Atonement
40:16 Redemption
40:49 Inquisition
Connection lost

Rejoining the realm…

Still unreachable

The connection could not be restored.

Session expired

The server has moved on; the page needs a fresh start.